 Dungeon Crawl Stone Soup version 0.22.1-6-g1668fe2c40 (webtiles) character file.

114 Kohma the Stinger (level 4, -1/36 HPs)
             Began as a Naga Venom Mage on Jan 25, 2019.
             Killed from afar by an orc wizard (5 damage)
             ... with a magic dart
             ... on level 3 of the Dungeon.
             The game lasted 00:08:54 (2944 turns).

Kohma the Stinger (Naga Venom Mage)                 Turns: 2944, Time: 00:08:55

Health: -1/36      AC:  2    Str: 11    XL:     4   Next: 97%
Magic:  2/7        EV: 10    Int: 16    God:
Gold:   90         SH:  0    Dex: 11    Spells: 0/7 levels left

rFire    . . .     SeeInvis +   l - +2 dagger (venom)
rCold    . . .     Gourm    .   (no shield)
rNeg     . . .     Faith    .   a - +0 robe
rPois    +         Spirit   .   (no helmet)
rElec    .         Reflect  .   (no cloak)
rCorr    .         Harm     .   (no gloves)
MR       .....                  (no barding)
Stlth    ++........             (no amulet)
HPRegen  0.12/turn              (no ring)
MPRegen  0.10/turn              (no ring)

@: very slightly contaminated, very slow
A: large, see invisible, deformed body, poison resistance, slowness 2, slow
metabolism 1, spit poison 1, AC +1
a: Spit Poison


You were on level 3 of the Dungeon.
You were not hungry.

You visited 1 branch of the dungeon, and saw 3 of its levels.

You collected 90 gold pieces.

Inventory:

Hand Weapons
 k - a +1 vampiric dagger
 l - a +2 dagger of venom (weapon)
Missiles
 b - 22 bolts
Armour
 a - a +0 robe (worn)
 d - a +0 scale mail
 s - a +0 ring mail
Jewellery
 n - an uncursed amulet of harm {unknown}
Scrolls
 e - a scroll of enchant armour {unknown}
 g - a scroll of identify {unknown}
 h - a scroll of fog {unknown}
 i - a scroll of random uselessness {unknown}
 o - a scroll of fear {unknown}
 p - 4 scrolls of remove curse {unknown}
 r - a scroll of magic mapping {unknown}
 u - a scroll of enchant weapon {unknown}
Potions
 j - a potion of heal wounds {unknown}
 m - 2 potions of degeneration {unknown}
 q - a potion of haste {unknown}
 t - a potion of agility {unknown}
 v - a potion of mutation {unknown}
Comestibles
 c - 5 rations
 f - 3 chunks of flesh


   Skills:
 - Level 1.5 Dodging
 - Level 3.0 Stealth
 - Level 2.0 Spellcasting
 + Level 1.3 Conjurations
 + Level 0.8 Air Magic
 + Level 6.9 Poison Magic


You couldn't memorise any spells.
You knew the following spells:

 Your Spells              Type           Power        Failure   Level  Hunger
a - Sting                 Conj/Pois      ##..         3%          1    #......
b - Poisonous Vapours     Pois/Air       ##....       6%          2    ###....
c - Olgreb's Toxic Radia  Pois           ###.....     12%         4    #####..

Your spell library contained the following spells:

 Spells                   Type           Power        Failure   Level  Hunger
 Mephitic Cloud           Conj/Pois/Air  ##......     19%         3    ###....
 Venom Bolt               Conj/Pois      ##........   71%         5    ######.


Dungeon Overview and Level Annotations

Branches:
Dungeon (3/15)

Altars:


Innate Abilities, Weirdness & Mutations

You cannot wear boots.
Your serpentine skin is tough. (AC +1)
You have supernaturally acute eyesight. (SInv)
Armour fits poorly on your strangely shaped body.
Your system is resistant to poisons. (rPois)
You cover ground very slowly.
You have a slow metabolism.
You can spit poison.


Message History

Aim: an orc wizard, wielding a dagger and wearing a robe Poisonous vapours surround the orc wizard!
The orc wizard is engulfed in poison gas.
The orc wizard is poisoned.
The orc wizard casts a spell at you. The magic dart hits you!
* * * LOW HITPOINT WARNING * * *
Things that are here:
a flail; a leather armour
Things that are here:
a leather armour; a club; an orc corpse You closely miss the orc wizard.
The orc wizard is severely wounded.
The orc wizard barely misses you.
You closely miss the orc wizard.
The orc wizard is severely wounded.
The orc wizard looks more healthy.
The orc wizard gestures at you while chanting.
The magic dart hits you!
You die...

#..##.# ..# #..##.# #.###
# #..##.### ##...# .#
#.##....... ....# .#
#......#.### #...#..##.
#.......#####.........
#####..#..........#......
#......###.######.#...#
#.###.## #@# #......###
#.###.# #o# #..#......
#.....# #.# #....#####
####..# #[######.#.#
##....####)#........#
#......o...#.####...#
#..#...).....# ##..#
#..........### #..#
#..#.#####.# #..#


You could see an orc wizard.

Vanquished Creatures
  3 adders
  An ooze (D:2)
  3 dart slugs
  4 leopard geckos
  7 orcs (D:3)
  6 bats
  4 giant cockroaches
  8 goblins
  6 hobgoblins
  6 kobolds
  4 quokkas
  5 frilled lizards
  7 rats
64 creatures vanquished.

Notes
Turn   | Place    | Note
-------+----------+-------------------------------------------
     0 | D:1      | Kohma the Naga Venom Mage began the quest for the Orb.
     0 | D:1      | Reached XP level 1. HP: 15/15 MP: 3/3
   426 | D:1      | Reached XP level 2. HP: 17/22 MP: 0/5
   483 | D:1      | Learned a level 2 spell: Poisonous Vapours
   654 | D:1      | Reached skill level 5 in Poison Magic
   876 | D:1      | Reached XP level 3. HP: 27/28 MP: 6/6
  1605 | D:2      | Reached skill level 6 in Poison Magic
  1833 | D:2      | Reached XP level 4. HP: 34/36 MP: 4/7
  1924 | D:2      | Learned a level 4 spell: Olgreb's Toxic Radiance
  2944 | D:3      | Killed from afar by an orc wizard

Skill      XL: |  1  2  3 |
---------------+----------+-----
Poison Magic   | 5 6 |  6.9
Dodging        | |  1.5
Stealth        | |  3.0
Spellcasting   | |  2.0
Conjurations   | |  1.3
Air Magic      | |  0.8

Action                   |  1- 3 |  4- 6 || total
-------------------------+-------+-------++-------
Melee: Unarmed           |    13 |       ||    13
       Dagger            |    33 |    32 ||    65
 Cast: Sting             |    15 |     7 ||    22
       Poisonous Vapours |    22 |    16 ||    38
       Olgreb's Toxic Ra |       |     1 ||     1
 Abil: Spit Poison       |     2 |       ||     2
 Stab: Sleeping          |     1 |       ||     1
  Eat: Chunk             |     4 |     4 ||     8
Armor: Robe              |     9 |     6 ||    15
Dodge: Dodged            |    41 |    20 ||    61
